 Dungeon Crawl Stone Soup version 0.19-a0-944-gb338e1e (webtiles) character file.

63 Etesian the Poker (level 4, 37/37 HPs)
             Began as a Merfolk Monk on July 9, 2016.
             Quit the game on level 2 of the Dungeon.
             The game lasted 00:03:51 (2152 turns).

Etesian the Poker (Merfolk Monk)                    Turns: 2152, Time: 00:03:51

Health: 37/37      AC:  2    Str: 11    XL:     4   Next: 10%
Magic:  4/4        EV: 14    Int:  9    God:
Gold:   118        SH:  0    Dex: 17    Spells: 0 memorised, 3 levels left

rFire  . . .     SeeInvis .     a - +1 spear
rCold  . . .     Gourm    .     d - -1 leather armour (curse)
rNeg   + . .     Faith    .     (no shield)
rPois  .         Spirit   .     (no helmet)
rElec  .         Dismiss  .     (no cloak)
rCorr  .         Reflect  .     (no gloves)
SustAt .         Harm     .     (no boots)
MR     .....                    (no amulet)
Stlth  +++.......               g - ring of stealth
                                e - ring of positive energy

@: not resistant to hostile enchantments, fairly stealthy
A: change form in water, swift swim
a: no special abilities


You were on level 2 of the Dungeon.
You were very hungry.

You visited 1 branch of the dungeon, and saw 2 of its levels.

You collected 118 gold pieces.

Inventory:

Hand Weapons
 a - a +1 spear (weapon)
Missiles
 l - 4 tomahawks (quivered)
Armour
 b - a +1 leather armour
 d - a cursed -1 leather armour (worn)
 k - a +0 leather armour of poison resistance
Jewellery
 e - a ring of positive energy (left hand)
 g - a ring of stealth (right hand)
Scrolls
 m - a scroll of recharging
Potions
 f - 2 potions of curing
 h - a potion of resistance {unknown}
 i - a potion of mutation {unknown}
 j - a potion of agility {unknown}
Comestibles
 c - 2 bread rations


   Skills:
 + Level 3.9 Fighting
 * Level 5.3 Polearms
 + Level 0.5 Armour
 + Level 4.9 Dodging
 - Level 2.1 Stealth


You had 3 spell levels left.
You didn't know any spells.

Dungeon Overview and Level Annotations

Branches:
Dungeon (2/15)

Altars:


Message History

No target in view!
No target in view!
No target in view!
No target in view!
No target in view!
No target in view!
No target in view!
No target in view!
Things that are here:
a short sword; a kobold corpse You now have 113 gold pieces (gained 3).
You now have 118 gold pieces (gained 5).
m - a scroll of recharging You regained 5 hp, and now have 35/37 hp.
There is a fountain of clear blue water here.
You are feeling very hungry.
Health restored: 37 Are you sure you want to abandon this character and quit the game? (Confirm with "yes".)
Okay, then.
Are you sure you want to abandon this character and quit the game? (Confirm with "yes".)

##### ##### ##...###...##
##..#...).#..# ##.##.###.#.##.
### ####.##.⌠.###.8.## ##.##
#...####.#.###.###
##...######...#.###.#.#.###.
#..........@.#.⌠.###.⌠.###.⌠
##...#(.......#.#.###.###.#.
########.##.####.#.####.###.#.###
#<.......##.# #.##.##.⌠.###.♣.##
........###.# #.....##.#.###.##.
#.#####.# #.# #.......#.....#...
#.#####.###.# #.###.#...........
..........#.# #.# #.######......
#.#####.#.#.# #.# #.# #..#...


There were no monsters in sight!

Vanquished Creatures
  An adder (D:2)
  An ooze (D:1)
  2 giant geckos
  2 giant cockroaches (D:1)
  2 goblins
  8 hobgoblins
  6 jackals
  5 kobolds
  2 quokkas
  4 bats
  A giant newt (D:2)
  7 rats
41 creatures vanquished.

Notes
Turn   | Place    | Note
-------+----------+-------------------------------------------
     0 | D:1      | Etesian the Merfolk Monk began the quest for the Orb.
     0 | D:1      | Reached XP level 1. HP: 18/18 MP: 1/1
   122 | D:1      | Reached XP level 2. HP: 24/24 MP: 2/2
   451 | D:1      | Reached skill level 5 in Polearms
   451 | D:1      | Reached XP level 3. HP: 7/29 MP: 3/3
  1810 | D:2      | Reached XP level 4. HP: 28/37 MP: 4/4
  2152 | D:2      | Quit the game

Vault maps used:
D:1:      lightli_arrival_statue_moat
D:2:      grunt_decor_mini_mirrors, minmay_close_crescents

Skill      XL: |  1  2 |
---------------+-------+-----
Polearms       | 5 |  5.3
Fighting       | |  3.9
Armour         | |  0.5
Dodging        | |  4.9
Stealth        | |  2.1

Action                   |  1- 3 |  4- 6 || total
-------------------------+-------+-------++-------
Melee: Spear             |   166 |    20 ||   186
  Use: Scroll            |     4 |     2 ||     6
 Stab: Sleeping          |     5 |     1 ||     6
       Distracted        |     1 |       ||     1
  Eat: Chunk             |     2 |     1 ||     3
Armor: Robe              |     7 |       ||     7
       Leather armour    |    11 |     3 ||    14
Dodge: Dodged            |    95 |    10 ||   105
